 Dungeon Crawl Stone Soup version 0.30-b1-2-g02819fbbbe (webtiles) character file.

Game seed: 11472895319402187862

247 redmage the Digger (level 6, -26/45 HPs)
             Began as a Meteoran Earth Elementalist on July 26, 2023.
             Annihilated by a two-headed ogre
             ... wielding a +0 giant spiked club
              (32 damage)
             ... on level 5 of the Dungeon.
             The game lasted 00:16:23 (905 turns).

redmage the Digger (Meteoran Earth Elementalist)     Turns: 905, Time: 00:16:23

Health: -26/45     AC:  3    Str: 10    XL:     6   Next: 60%
Magic:  0/11       EV: 12    Int: 18    God:
Gold:   105        SH:  0    Dex: 15    Spells: 5/11 levels left

rFire   . . .        l - +1 short sword (venom)
rCold   . . .        (no shield)
rNeg    . . .        a - +0 robe
rPois   .            m - +0 helmet
rElec   .            (no cloak)
rCorr   .            (no gloves)
SInv    .            (no boots)
Will    .....        (no amulet)
Stlth   +            (no ring)
HPRegen 0.27/turn    (no ring)
MPRegen 0.12/turn

%: no passive effects
@: glowing
A: sense surroundings 1, otherworldly, glowing, explore regen
a: no special abilities


You were on level 5 of the Dungeon.
You visited 1 branch of the dungeon, and saw 5 of its levels.

You collected 105 gold pieces.

Inventory:

Hand Weapons
 h - a +3 heavy flail
 l - a +1 short sword of venom (weapon)
Armour
 a - a +0 robe (worn)
 c - the +2 ring mail of Kikubaaqudgha's Esteem {Rampage Dex+5}
   (You found it on level 5 of the Dungeon)

   Dex:       It affects your dexterity (+5).
   Rampage:   It bestows one free step when moving towards enemies.
 m - a +0 helmet (worn)
Jewellery
 e - an amulet of faith
Scrolls
 k - 2 scrolls of identify {unknown}
 n - a scroll of immolation {unknown}
 o - a scroll of teleportation {unknown}
Potions
 b - a potion of magic
 d - a potion of attraction {unknown}
 f - a potion of invisibility {unknown}
 g - a potion of flight {unknown}
 i - a potion of curing {unknown}
 j - 2 potions of heal wounds {unknown}


   Skills:
 - Level 2.4 Dodging
 - Level 1.4 Stealth
 - Level 3.3 Spellcasting
 * Level 3.5 Conjurations
 + Level 3.2 Transmutations
 * Level 5.9 Earth Magic


You had 5 spell levels left.
You knew the following spells:

 Your Spells              Type           Power      Damage    Failure   Level
a - Sandblast             Erth           48%        2d12      1%          1
b - Passwall              Tmut/Erth      15%        N/A       3%          2
c - Stone Arrow           Conj/Erth      38%        3d9       7%          3

Your spell library contained the following spells:

 Spells                   Type           Power      Damage    Failure   Level
 Lesser Beckoning         Tloc           4%         N/A       24%         2
 Petrify                  Tmut/Erth      19%        N/A       24%         4
 Gell's Gravitas          Tloc           2%         N/A       43%         3
 Teleport Other           Tloc           2%         N/A       43%         3
 Summon Ice Beast         Ice/Summ       2%         N/A       85%         4
 Summon Mana Viper        Hex/Summ       2%         N/A       99%         5
 Monstrous Menagerie      Summ           1%         N/A       100%        7


Dungeon Overview and Level Annotations

Branches:
Dungeon (5/15) Zot: 2049
 Temple: D:4-7

Altars:
Dithmenos
Elyvilon
Okawaru
Wu Jian
Zin
The Shining One

Annotations:
D:2 Terence


Innate Abilities, Weirdness & Mutations

You passively map a small area around you.
You are easily found by Zot.
You glow in the dark.
You regain HP and MP as you explore.


Message History

Aim: a two-headed ogre, wielding a +0 giant spiked club and a +0 giant club (85% to hit)
The stone arrow hits the two-headed ogre!
The two-headed ogre is moderately wounded.
Unknown command.
Casting: Stone Arrow (dangerous; 7% risk of failure)
Confirm with . or Enter, or press ? or * to list all spells.
Aiming: Stone Arrow (dangerous; 7% risk of failure)
Press: ? - help, Shift-Dir - straight line, f/p - two-headed ogre
Aim: a two-headed ogre, wielding a +0 giant spiked club and a +0 giant club (moderately wounded, 85% to hit)
The stone arrow hits the two-headed ogre!
The two-headed ogre is heavily wounded.
Unknown command.
Casting: Stone Arrow (dangerous; 7% risk of failure)
Confirm with . or Enter, or press ? or * to list all spells.
Aiming: Stone Arrow (dangerous; 7% risk of failure)
Press: ? - help, Shift-Dir - straight line, f/p - two-headed ogre
Aim: a two-headed ogre, wielding a +0 giant spiked club and a +0 giant club (heavily wounded, 85% to hit)
The stone arrow hits the two-headed ogre!
The two-headed ogre is severely wounded.
Unknown command.
Casting: Stone Arrow (dangerous; 7% risk of failure)
Confirm with . or Enter, or press ? or * to list all spells.
Aiming: Sandblast (safe; 1% risk of failure)
Press: ? - help, Shift-Dir - straight line, f/p - two-headed ogre
Aim: a two-headed ogre, wielding a +0 giant spiked club and a +0 giant club (severely wounded, 92% to hit)
The blast of sand hits the two-headed ogre.
The two-headed ogre is severely wounded.
The two-headed ogre closely misses you.
The two-headed ogre hits you with a +0 giant club!!
Ouch! That really hurt!
You hit the two-headed ogre but do no damage.
The two-headed ogre is poisoned.
The two-headed ogre is severely wounded.
The two-headed ogre hits you with a +0 giant spiked club!
* * * LOW HITPOINT WARNING * * *
The two-headed ogre barely misses you.
The two-headed ogre attacks as you move away!
The two-headed ogre hits you with a +0 giant spiked club!!
Ouch! That really hurt!
You die...

..o.###..r.......................
.. ....##########.####.#.#####.##
* #... .............#.# **#.#
###., ######(####+### * ... ## *
* #.## , * * .# , ,, * ##..# , ,
#...# * , , #O###, , , * #@# * *
* #....#, , #..### ,, , ,#..#* ,
* , , #..#,+, ,#..# , #... , , ,
#.+#* ,


You could see a two-headed ogre (very poisoned).

Vanquished Creatures
  A hound (D:4)
  2 iguanas
  Natasha (D:3)
  Robin (D:4)
  2 adders (D:4)
  4 gnolls (D:3)
  An ufetubus (D:4)
  2 orcs
  6 ball pythons
  2 bats (D:1)
  3 endoplasms
  3 giant cockroaches
  9 goblins
  6 hobgoblins
  8 jackals (D:4)
  4 kobolds (D:1)
  4 quokkas
  6 frilled lizards
  3 rats
68 creatures vanquished.

Vanquished Creatures (others)
  8 fungi (D:5)
8 creatures vanquished.

Grand Total: 76 creatures vanquished

Notes
Turn   | Place    | Note
-------+----------+-------------------------------------------
     0 | D:1      | redmage the Meteoran Earth Elementalist began the quest for
                  | the Orb.
     0 | D:1      | Reached XP level 1. HP: 14/14 MP: 5/5
    52 | D:1      | Reached XP level 2. HP: 20/20 MP: 2/6
    54 | D:1      | Reached skill level 4 in Earth Magic
   132 | D:1      | Reached XP level 3. HP: 26/26 MP: 1/8
   135 | D:1      | Learned a level 2 spell: Passwall
   139 | D:1      | Learned a level 3 spell: Stone Arrow
   188 | D:2      | Found an iron altar of Okawaru.
   209 | D:2      | Noticed Terence
   319 | D:3      | Reached XP level 4. HP: 33/33 MP: 7/9
   322 | D:3      | Reached skill level 1 in Conjurations
   338 | D:3      | Noticed Natasha
   347 | D:3      | Killed Natasha
   348 | D:3      | Reached skill level 5 in Earth Magic
   348 | D:3      | Reached XP level 5. HP: 34/38 MP: 4/10
   365 | D:5      | Entered Level 5 of the Dungeon
   387 | D:5      | Noticed a two-headed ogre
   400 | D:5      | Identified the +2 ring mail of Kikubaaqudgha's Esteem
                  | {Rampage Dex+5}
   583 | D:4      | Reached XP level 6. HP: 36/45 MP: 1/11
   590 | D:4      | Noticed Robin
   622 | D:4      | Killed Robin
   742 | D:4      | You fall into a shaft and drop 1 floor!
   779 | D:4      | Found a shadowy altar of Dithmenos.
   795 | D:4      | Found an ornate altar of the Wu Jian Council.
   824 | D:4      | Found a glowing silver altar of Zin.
   826 | D:4      | Found a glowing golden altar of the Shining One.
   826 | D:4      | Found a white marble altar of Elyvilon.
   905 | D:5      | Annihilated by a two-headed ogre

Illustrated notes

Levels and vault maps discovered:
D:1:      minmay_arrival_solitary_statue, layout_loops_ring
D:2:      layout_loops_ring, basic_altar, basic_ecumenical_altar, uniq_sigmund,
          uniq_terence
D:3:      layout_basic, gammafunk_ghost_abyssal_escape, uniq_jessica,
          uniq_grinder, uniq_natasha
D:4:      layout_basic, good_gods_mini_temple, nicolae_overflow_squiral,
          serial_curves, eino_curves_03, eino_curves_03, kennysheep_minor_cross,
          uniq_ijyb, uniq_robin
D:5:      layout_basic, kennysheep_mini, serial_aquarium, aquarium_bridge_square
          [aquarium_subvault_bridge, aquarium_subvault_bridge,
          aquarium_subvault_bridge, aquarium_subvault_bridge],
          aquarium_window_1, aquarium_window_1, aquarium_window_corner,
          aquarium_view_2d, aquarium_balcony_5b, aquarium_pool_side

Skill      XL: |  1  2  3  4  5  6 |
---------------+-------------------+-----
Earth Magic    | 4 5 |  5.9
Spellcasting   | 3 |  3.3
Transmutations | 2 3 |  3.2
Conjurations   | 2 3 |  3.5
Dodging        | |  2.4
Stealth        | |  1.4

Action                     |  1- 3 |  4- 6 || total
---------------------------+-------+-------++-------
  Melee: Short sword       |       |    12 ||    12
   Cast: Sandblast         |    40 |    49 ||    89
         Stone Arrow       |       |    10 ||    10
         Passwall          |       |     3 ||     3
    Use: Scroll            |       |     2 ||     2
 Armour: Robe              |    18 |    16 ||    34
  Dodge: Dodged            |    36 |    16 ||    52
